Map: Frostline LE

Players

wootwoot - Winner!

  • Race: Terran Terran
  • League: Diamond
  • Spawn Location: 1:00

FadingAces

  • Race: Zerg Zerg
  • League: Diamond
  • Spawn Location: 7:00

VOD

Have the link to the VOD?

Description

Time

  • Played on: April 4, 2025, 1:13 a.m.
  • Length: 9:36
Show
View Real Time Build Order
Export as new Build Order

wootwoot Terran - Winner!

Build Orders: 2 Factory, Gas First Reaper Expand 

Get SALT Encoding   

  12  0:02  SCV  
  13  0:14  SCV  
  13  0:19  Supply Depot  
  14  0:26  SCV  
  15  0:31  Refinery  
  15  0:40  SCV  
  16  0:46  Barracks  
  16  0:53  SCV  
  17  1:05  SCV  
  18  1:17  SCV  
  19  1:33  Reaper  
  19  1:34  Orbital Command  
  20  1:47  Command Center  
  20  1:55  Factory  
  20  2:00  SCV  
  21  2:05  Refinery  
  21  2:10  Barracks Reactor  
  21  2:13  SCV  
  22  2:17  Supply Depot  
  22  2:25  SCV  
  23  2:39  SCV  
  23  2:40  Factory  
  25  2:51  SCV, Hellion  
  25  2:52  Hellion  
  29  2:59  Orbital Command  
  29  3:00  Barracks Tech Lab  
  29  3:04  SCV  
  30  3:14  Hellion  
  30  3:15  Hellion  
  30  3:19  SCV  
  35  3:27  SCV  
  35  3:29  Mag-Field Accelerator  
  35  3:31  Cyclone  
  35  3:34  SCV  
  40  3:41  Supply Depot  
  40  3:45  Supply Depot, SCV  
  40  3:46  SCV  
  42  3:58  SCV x2  
  44  4:10  SCV x2  
  46  4:18  Factory x3  
  46  4:22  SCV x2  
  48  4:25  Refinery  
  48  4:26  Refinery  
  48  4:34  SCV x2  
  48  4:37  Supply Depot  
  50  4:39  Supply Depot  
  50  4:44  Cyclone, Hellion x2  
  57  4:46  SCV x2  
  59  4:55  Supply Depot  
  59  4:58  SCV x2  
  61  5:01  Supply Depot  
  61  5:02  Factory Reactor, Factory Tech Lab x2  
  61  5:10  SCV, Hellion  
  61  5:11  SCV  
  65  5:18  Cyclone  
  68  5:22  Cyclone  
  74  5:28  Cyclone  
  74  5:37  Infernal Pre-Igniter  
  74  5:40  Hellion x4  
  82  5:45  Supply Depot  
  82  5:47  Supply Depot  
  82  5:50  Cyclone  
  85  5:58  Cyclone  
  85  6:00  Cyclone  
  85  6:01  Hellion  
  93  6:06  Hellion  
  97  6:11  Hellion x2  
  99  6:22  Cyclone, Hellion  
  104  6:28  Hellion  
  104  6:30  Hellion  
  108  6:37  Hellion  
  110  7:05  Hellion x2  
  110  7:06  Hellion  
  110  7:07  Hellion  
  108  7:26  Hellion  
  108  7:29  Hellion x2  
  110  7:30  Hellion  
  110  7:32  Cyclone x2  
  110  7:45  Cyclone  
  110  7:49  Hellion  
  110  7:50  Hellion  
  109  7:56  Hellion  
  109  7:58  Hellion  
  109  8:04  Cyclone  
  109  8:12  Hellion  
  109  8:15  Cyclone  
  109  8:21  Hellion x2  
  109  8:25  Cyclone  
  105  8:35  Hellion x2  
  109  8:42  Cyclone  
  109  8:43  Hellion  
  109  8:47  Cyclone  
  115  8:58  Cyclone  
Show
View Real Time Build Order
Export as new Build Order

FadingAces Zerg 

Build Orders: Hatch First 

Get SALT Encoding   

  12  0:00  Drone  
  13  0:12  Overlord  
  13  0:16  Drone  
  14  0:30  Drone x2  
  14  0:34  Drone  
  17  0:51  Hatchery  
  17  0:53  Drone  
  17  0:56  Drone  
  18  1:07  Extractor  
  17  1:12  Spawning Pool  
  17  1:15  Drone  
  17  1:18  Drone  
  18  1:27  Drone  
  19  1:39  Drone  
  20  1:49  Drone  
  21  1:59  Zergling x2  
  22  2:02  Queen  
  22  2:03  Zergling x2  
  22  2:04  Queen  
  27  2:14  Metabolic Boost  
  27  2:23  Hatchery  
  27  2:28  Overlord  
  26  2:31  Drone  
  26  2:34  Drone  
  28  2:46  Queen  
  28  2:48  Overlord  
  28  2:51  Drone  
  31  2:59  Drone x3  
  31  3:01  Drone  
  31  3:03  Drone  
  36  3:15  Drone x5  
  41  3:21  Overlord  
  41  3:23  Drone  
  42  3:34  Drone x2  
  42  3:39  Drone  
  45  3:48  Drone  
  45  3:49  Drone x7  
  45  3:54  Queen  
  55  3:58  Overlord  
  55  4:04  Drone x2  
  57  4:13  Roach Warren, Extractor  
  57  4:15  Overlord x3, Extractor  
  54  4:19  Drone x3  
  54  4:20  Drone  
  54  4:24  Overlord x3  
  58  4:34  Drone x2  
  60  4:41  Lair  
  60  4:43  Drone  
  60  4:44  Drone x3  
  64  4:54  Drone x2, Baneling Nest  
  64  4:55  Drone x4  
  64  4:56  Zergling x2  
  70  5:08  Zergling x12  
  76  5:15  Overlord x2  
  76  5:20  Zergling x8  
  79  5:29  Overlord x2  
  79  5:35  Roach x4  
  87  5:38  Glial Reconstitution  
  87  5:40  Centrifugal Hooks, Baneling x3  
  87  5:41  Baneling, Zergling x4  
  89  5:48  Extractor  
  88  5:51  Roach x3  
  88  5:53  Zergling x14  
  101  6:05  Overlord  
  101  6:06  Overlord  
  101  6:07  Hatchery  
  101  6:08  Overseer  
  101  6:10  Overlord x3  
  100  6:14  Baneling x6  
  100  6:15  Zergling x2  
  101  6:23  Zergling x2  
  101  6:24  Zergling x10  
  106  6:36  Roach x5  
  106  6:38  Queen  
  113  6:43  Roach x5  
  121  6:55  Roach  
  121  6:56  Roach x5  
  122  7:09  Zergling x6  
  126  7:15  Roach  
  126  7:16  Roach x6  
  135  7:25  Queen  
  135  7:28  Roach x4  
  140  7:35  Roach  
  140  7:36  Roach  
  137  7:42  Zergling x2  
  137  7:43  Zergling x14  
  139  7:49  Zergling x2  
  132  7:56  Zergling x4  
  123  8:05  Zergling x6  
  122  8:10  Zergling x2  
  122  8:11  Zergling x8  
  122  8:14  Roach x4  
  122  8:19  Hatchery  
  118  8:21  Roach  
  118  8:25  Roach  
  98  8:36  Roach x4  
  98  8:38  Baneling x4  
  104  8:42  Hatchery  
  104  8:43  Extractor  
  104  8:44  Roach x3  
  108  8:53  Roach  
  108  8:54  Roach x2  
  107  9:00  Roach x2  
  107  9:02  Roach  
  102  9:13  Roach x8  
Tags
 
Add a new tag
Caveats
  • Supply blocks, unpowered buildings, or Contaminate may cause inaccurate times.
  • Supply counts are checked every 10 seconds.